 Dungeon Crawl Stone Soup version 0.26-a0-639-g72c4674329 (webtiles) character file.

Game seed: 13060938822423121088

112879 Borgoz the Bludgeoner (level 16, -3/108 HPs)
             Began as a Gargoyle Gladiator on Sept 16, 2020.
             Was the Champion of Ashenzari.
             Slain by an ettin
             ... wielding a +0 dire flail
              (27 damage)
             ... on level 1 of the Orcish Mines.
             The game lasted 00:51:14 (27289 turns).

Borgoz the Bludgeoner (Gargoyle Gladiator)         Turns: 27289, Time: 00:51:14

Health: -3/108     AC: 29    Str: 29    XL:     16   Next: 61%
Magic:  0/16       EV: 22    Int: 11    God:    Ashenzari [******]
Gold:   2168       SH:  0    Dex: 24    Spells: 13/15 levels left

rFire    + + +     SeeInvis +   a - +10 great mace "Zeqiask" {venom, *Noise rF+++ MR- Dex+4} (curse)
rCold    . . .     Faith    .   (shield currently unavailable)
rNeg     + + .     Spirit   +   L - +1 scale mail {MR+}
rPois    ∞         Reflect  .   k - +0 hat {SInv}
rElec    +         Harm     .   I - +0 cloak of the Thirsty Ultimatums {rF+ rN+}
rCorr    .         Rampage  .   O - +1 pair of gloves {Str+3}
MR       +....     Clarity  +   d - +0 pair of boots
Stlth    +.........             m - amulet of guardian spirit
HPRegen  0.28/turn              J - +6 ring of dexterity
MPRegen  0.15/turn              n - +6 ring of strength

@: flying
A: big wings, negative energy resistance 1, electricity resistance, unbreathing,
petrification resistance, rot immunity, AC +12
a: Stop Flying, Curse Item, Scrying, Transfer Knowledge, Renounce Religion


You were on level 1 of the Orcish Mines.
You worshipped Ashenzari.
Ashenzari was exalted by your worship.
You visited 4 branches of the dungeon, and saw 24 of its levels.
You also visited: Ossuary.

You collected 2718 gold pieces.
You spent 550 gold pieces at shops.

Inventory:

Hand Weapons
 a - the cursed +10 great mace "Zeqiask" (weapon) {venom, *Noise rF+++ MR- Dex+4}
   (You found it on level 8 of the Dungeon)

   It poisons the flesh of those it strikes.
   It affects your dexterity (+4).
   It renders you almost immune to fire.
   It affects your resistance to hostile enchantments.
   It may make noises in combat.
   It has a curse placed upon it.
Missiles
 C - a throwing net (quivered)
Armour
 b - a +3 plate armour of cold resistance
 d - a +0 pair of boots (worn)
 k - a +0 hat of see invisible (worn)
 v - the cursed +0 chain mail "Kumi" {rPois rC+ Int-5}
   (You found it on level 6 of the Lair of Beasts)

   It affects your intelligence (-5).
   It protects you from cold.
   It protects you from poison.
   It has a curse placed upon it.
 I - the +0 cloak of the Thirsty Ultimatums (worn) {rF+ rN+}
   (You found it on level 7 of the Dungeon)

   It protects you from fire.
   It protects you from negative energy.
 L - a +1 scale mail of magic resistance (worn)
 O - a +1 pair of gloves of strength (worn)
Jewellery
 m - an amulet of guardian spirit (around neck)
 n - a +6 ring of strength (right hand)
 q - an uncursed amulet of reflection
 t - the ring "Nathri" {rElec rPois rC+ Int-3 Dex-2 Slay+3}
   (You found it on level 6 of the Lair of Beasts)

   [ring of protection from cold]

   It affects your intelligence (-3).
   It affects your dexterity (-2).
   It affects your accuracy and damage with ranged weapons and melee attacks
   (+3).
   It protects you from cold.
   It insulates you from electricity.
   It protects you from poison.
 x - the ring of Uskakh {rC+ rN+ Int+6}
   (You found it on level 7 of the Dungeon)

   [ring of intelligence]

   It affects your intelligence (+6).
   It protects you from cold.
   It protects you from negative energy.
 J - a +6 ring of dexterity (left hand)
Wands
 g - a wand of flame (5)
 i - a wand of disintegration (12)
 F - a wand of paralysis (12)
 T - a wand of iceblast (8)
Scrolls
 c - 3 scrolls of enchant weapon {unknown}
 e - a scroll of blinking
 f - 6 scrolls of teleportation
 l - 9 scrolls of remove curse
 o - 3 scrolls of fog
 H - a scroll of holy word
 R - a scroll of magic mapping
Potions
 h - 7 potions of curing
 p - 2 potions of cancellation
 s - 3 potions of stabbing
 u - 6 potions of resistance
 z - 2 potions of haste
 K - 5 potions of heal wounds
 S - 3 potions of invisibility


   Skills:
 + Level 15.3 Fighting
 + Level 15.4(20.6) Maces & Flails
 - Level 1.7 Throwing
 + Level 15.2 Armour
 + Level 12.4 Dodging


You had 13 spell levels left.
You knew the following spells:

 Your Spells              Type           Power        Failure   Level
a - Blink                 Tloc           N/A          65%         2

Your spell library contained the following spells:

 Spells                   Type           Power        Failure   Level
 Animate Skeleton         Necr           #.....       52%         1
 Apportation              Tloc           #.....       52%         1
 Beastly Appendage        Tmut           #.....       52%         1
 Corona                   Hex            #......      52%         1
 Foxfire                  Conj/Fire      #...         52%         1
 Magic Dart               Conj           #...         52%         1
 Pain                     Necr           #...         52%         1
 Sandblast                Erth           #.....       52%         1
 Summon Small Mammal      Summ           #...         52%         1
 Call Imp                 Summ           #.......     65%         2
 Passwall                 Tmut/Erth      #.......     65%         2
 Poisonous Vapours        Pois/Air       #.....       65%         2
 Slow                     Hex            #.......     65%         2
 Wereblood                Tmut           #.......     65%         2
 Call Canine Familiar     Summ           #.......     87%         3
 Conjure Flame            Conj/Fire      #.......     87%         3
 Inner Flame              Hex/Fire       #.......     87%         3
 Lesser Beckoning         Tloc           #.........   87%         3
 Mephitic Cloud           Conj/Pois/Air  #.......     87%         3
 Portal Projectile        Hex/Tloc       #.....       87%         3
 Spider Form              Tmut/Pois      #.........   87%         3
 Static Discharge         Conj/Air       #.......     87%         3
 Stone Arrow              Conj/Erth      #.....       87%         3
 Summon Guardian Golem    Hex/Summ       #.......     87%         3
 Tukima's Dance           Hex            #.......     87%         3
 Vampiric Draining        Necr           #.........   87%         3
 Animate Dead             Necr           #.........   99%         4
 Cause Fear               Hex            #.........   99%         4
 Ice Form                 Ice/Tmut       #.......     99%         4
 Leda's Liquefaction      Hex/Erth       #.........   99%         4
 Petrify                  Tmut/Erth      #.......     99%         4
 Sticky Flame             Conj/Fire      #.......     99%         4
 Summon Ice Beast         Ice/Summ       #.......     99%         4
 Summon Lightning Spire   Summ/Air       #.......     99%         4
 Agony                    Necr           #.......     100%        5
 Alistair's Intoxication  Tmut/Pois      #........    100%        5
 Blade Hands              Tmut           #.........   100%        5
 Fireball                 Conj/Fire      #.........   100%        5
 Lee's Rapid Deconstruct  Erth           #.........   100%        5
 Lightning Bolt           Conj/Air       #.........   100%        5
 Freezing Cloud           Conj/Ice/Air   #.........   100%        6
 Invisibility             Hex            #.......     100%        6
 Malign Gateway           Summ/Tloc      #.........   100%        7
 Monstrous Menagerie      Summ           #.........   100%        7
 Summon Greater Demon     Summ           #.........   100%        7
 Ignition                 Fire           #.........   100%        8
 Summon Horrible Things   Summ           #.........   100%        8
 Shatter                  Erth           #.........   100%        9
 Tornado                  Air            #.........   100%        9


Dungeon Overview and Level Annotations

Branches:
Dungeon (15/15)            Temple (1/1) D:5            Lair (6/6) D:8
  Swamp (0/4) Lair:2       Spider (0/4) Lair:2        Slime (0/5) Lair:6
    Orc (2/2) D:11            Elf (0/3) Orc:2        Vaults (0/5) D:13
 Depths (0/5) D:15        Ossuary (visited)

Altars:
Ashenzari
Cheibriados
Dithmenos
Elyvilon
Fedhas
Gozag
Hepliaklqana
Kikubaaqudgha
Makhleb
Nemelex Xobeh
Okawaru
Qazlal
Ru
Sif Muna
Trog
Uskayaw
Vehumet
Wu Jian
Xom
Yredelemnul
Zin
The Shining One

Shops:
D:8 :   D:13 [   Orc:2 =:*[(


Innate Abilities, Weirdness & Mutations

You are resistant to torment.
Your stone body is resilient. (AC +12)
You are immune to poison.
Your large and strong wings let you fly indefinitely.
You resist negative energy. (rN+)
You are resistant to electric shocks. (rElec)
You can survive without breathing.
You are immune to petrification.
You are immune to rotting.


Message History

The ettin hits you with a +0 dire flail!! x2
The ogre misses you.
You are too injured to fight recklessly!
You are too injured to fight recklessly!
You are too injured to fight recklessly!
You are too injured to fight recklessly!
You are too injured to fight recklessly!
You are too injured to fight recklessly!
You are too injured to fight recklessly!
You are too injured to fight recklessly!
You are too injured to fight recklessly!
You are too injured to fight recklessly!
You are too injured to fight recklessly!
You are too injured to fight recklessly!
You hit the ettin.
The ettin looks as sick as possible!
The ettin is almost dead.
The ettin hits you with a +0 dire flail!!
* * * LOW HITPOINT WARNING * * *
The ettin hits you with a +0 dire flail!!
You die...

*,,, ** ,,
,,, , *...#.,
,,, , * # ,,
.....,, , , *
, #. ,*#.....
** , * , ,*.
,#..... , ,
,, * *#.
....#, ,*, ,
, ##.#
...###,* ,, *
**
*#..o#)....##
* , * *, ,,
#.#@C.....#*
* ** ** ,
*#.)O....#. *
**,, *
,,#..)#...# *
, * * ,,
*....## ....
,, * **
*#..#..#*
,... ** ,, ,*
* ,,#...#...
,,*## *,,** *
.... #... ,
,* ,, ,* *
#...,....
^*** * , * *
**... ,#....
* , *


You could see an ettin (extremely poisoned), an ogre and an orc wizard.

Vanquished Creatures
  Frances (D:14)
  Gastronok (Lair:2)
  An orc warlord (Orc:2)
  Nessos (D:14)
  2 dire elephants
  Josephine (D:14)
  A fire dragon (D:15)
  5 hydras
  8 vault guards (D:13)
  3 catoblepae
  4 centaur warriors
  6 two-headed ogres
  A death knight (D:13)
  10 death yaks
  3 orc high priests (Orc:2)
  A fire crab (Lair:3)
  5 skeletal warriors (D:13)
  4 unseen horrors
  4 orc knights
  16 ugly things
  A lindwurm (Lair:6)
  A wolf spider (D:15)
  3 deep elf magi
  An oklob plant (Lair:6)
  5 manticores
  6 orc sorcerers
  A salamander (D:15)
  11 elephants (Lair:6)
  A moth of wrath (D:7)
  11 cyclopes
  The ghost of Lanoc the Chopper, a novice DrGl of Qazlal (D:7)
  8 black mambas
  3 gargoyles
  14 cane toads
  2 torpor snails
  7 centaur skeletons
  A rime drake (Lair:4)
  Maggie (D:7)
  An efreet (D:13)
  4 komodo dragons
  A merfolk (D:15)
  A hornet (D:10)
  7 trolls
  A wolf spider simulacrum (D:15)
  4 slime creatures (D:14)
  A meliai zombie (D:10)
  5 dream sheep
  8 blink frogs
  12 hippogriffs
  2 shadows (D:13)
  10 wraiths
  A fire bat (Lair:3)
  5 basilisks
  A vampire (D:14)
  6 wyverns
  A fire elemental (Lair:3)
  40 yaks
  2 swamp worms (D:11)
  Menkaure (D:7)
  6 vampire mosquitoes
  3 wargs
  2 insubstantial wisps (D:9)
  Edmund (D:6)
  2 soldier ants (D:14)
  24 water moccasins
  An acid dragon (D:7)
  3 hell hounds (Lair:3)
  A porcupine (Lair:4)
  3 ice beasts
  2 phantoms
  33 orc warriors
  7 sky beasts
  3 black bears
  33 wolves
  A hornet zombie (D:13)
  An eye of draining (D:12)
  7 ogres
  8 centaurs
  16 crocodiles
  2 big kobolds
  Blork the orc (D:4)
  2 elf zombies (Ossuary)
  18 bullfrogs
  A gnoll sergeant (D:8)
  A wyvern zombie (D:10)
  A wyvern skeleton (D:12)
  2 water moccasin skeletons
  4 scorpions
  10 killer bees
  A howler monkey (D:5)
  14 wights
  7 electric eels
  3 lava snakes
  3 bullfrog zombies
  A centaur zombie (D:6)
  6 hounds
  A gnoll shaman (D:9)
  A bullfrog skeleton (D:10)
  27 orc priests
  4 jellies
  14 worker ants
  Terence (D:2)
  24 orc wizards
  A hound zombie (Ossuary)
  4 mummies (Ossuary)
  A howler monkey zombie (D:9)
  A worker ant zombie (D:11)
  12 gnolls
  13 adders
  3 shadow imps
  4 white imps
  An ufetubus (D:8)
  2 adder zombies
  4 adder skeletons
  2 dart slugs
  10 leopard geckos
  80 orcs
  6 giant cockroaches
  14 goblins
  7 hobgoblins
  11 jackals
  4 quokkas
  2 ball pythons
  12 bats
  4 frilled lizards
  3 goblin zombies (Ossuary)
  3 hobgoblin zombies (Ossuary)
  A jackal zombie (Ossuary)
  15 kobolds
  A kobold zombie (Ossuary)
  A quokka skeleton (D:6)
  11 rats
809 creatures vanquished.

Vanquished Creatures (others)
  A steam dragon (D:9)
  An orc warrior (Orc:2)
  A sky beast (D:7)
  16 fungi
  22 plants
41 creatures vanquished.

Grand Total: 850 creatures vanquished

Notes
Turn   | Place    | Note
-------+----------+-------------------------------------------
     0 | D:1      | Borgoz the Gargoyle Gladiator began the quest for the Orb.
     0 | D:1      | Reached XP level 1. HP: 12/12 MP: 1/1
   157 | D:1      | Reached XP level 2. HP: 12/18 MP: 2/2
   168 | D:1      | Reached skill level 1 in Armour
   478 | D:1      | Reached XP level 3. HP: 21/22 MP: 3/3
   869 | D:2      | Found a glowing silver altar of Zin.
  1008 | D:2      | Noticed Terence
  1026 | D:2      | Killed Terence
  1026 | D:2      | Reached XP level 4. HP: 13/27 MP: 4/4
  1781 | D:3      | Reached XP level 5. HP: 17/32 MP: 5/5
  2263 | D:3      | Reached XP level 6. HP: 38/38 MP: 6/6
  2953 | D:4      | Found a sand-covered staircase.
  2959 | Ossuary  | Entered an ossuary
  2994 | Ossuary  | Reached XP level 7. HP: 26/43 MP: 7/7
  3652 | D:4      | Noticed Blork the orc
  3677 | D:4      | Killed Blork the orc
  3677 | D:4      | Reached skill level 5 in Maces & Flails
  3993 | D:4      | Found a shattered altar of Ashenzari.
  4048 | D:4      | Became a worshipper of Ashenzari the Shackled
  4966 | D:5      | Entered Level 5 of the Dungeon
  5083 | D:5      | Reached skill level 5 in Fighting
  5083 | D:5      | Reached XP level 8. HP: 34/49 MP: 8/8
  5480 | D:5      | Found a staircase to the Ecumenical Temple.
  5500 | Temple   | Entered the Ecumenical Temple
  6085 | D:6      | Reached skill level 5 in Armour
  6508 | D:6      | Noticed Edmund
  6532 | D:6      | Killed Edmund
  6532 | D:6      | Reached skill level 5 in Dodging
  6532 | D:6      | Reached XP level 9. HP: 30/55 MP: 9/9
  6939 | D:7      | Noticed a cyclops
  6953 | D:7      | Killed a cyclops
  7086 | D:7      | Noticed a moth of wrath
  7094 | D:7      | Noticed Lanoc's ghost (novice DrGl)
  7106 | D:7      | Found a transporter.
  7111 | D:7      | Identified the ring of Uskakh {rC+ rN+ Int+6}
  7222 | D:7      | Noticed Maggie
  7231 | D:7      | Killed Maggie
  7352 | D:7      | Noticed Menkaure
  7370 | D:7      | Killed Menkaure
  7692 | D:7      | Reached XP level 10. HP: 62/63 MP: 10/10
  7788 | D:7      | Reached * piety under Ashenzari
  7990 | D:8      | Found a sparkling altar of Nemelex Xobeh.
  8097 | D:8      | Found a staircase to the Lair.
  8101 | D:8      | Got the great mace "Zeqiask" {venom, *Noise rF+++ MR-
                  | Dex+4}
  8103 | D:8      | Identified the +10 great mace "Zeqiask" {venom, *Noise
                  | rF+++ MR- Dex+4} (You found it on level 8 of the Dungeon)
  8264 | D:8      | Found a burning altar of Makhleb.
  8379 | D:8      | Found Qogoka's Book Shop.
  8401 | D:8      | Bought a book of Party Tricks for 550 gold pieces
  8967 | D:9      | Reached skill level 10 in Maces & Flails
  9217 | D:9      | Found a sacrificial altar of Ru.
  9241 | D:9      | Found a sacrificial altar of Ru.
  9243 | D:9      | Found a shimmering altar of Xom.
  9243 | D:9      | Found a shattered altar of Ashenzari.
  9245 | D:9      | Found a shimmering altar of Xom.
  9245 | D:9      | Found a glowing golden altar of the Shining One.
  9245 | D:9      | Found a basalt altar of Yredelemnul.
  9581 | D:10     | Entered Level 10 of the Dungeon
  9811 | D:10     | Noticed a deep elf mage
  9816 | D:10     | Reached XP level 11. HP: 69/69 MP: 11/11
  9822 | D:10     | Killed a deep elf mage
  9994 | D:10     | Reached ** piety under Ashenzari
 10544 | D:10     | Noticed a two-headed ogre
 10552 | D:10     | Killed a two-headed ogre
 10612 | D:7      | Killed a moth of wrath
 10630 | D:7      | Killed Lanoc's ghost
 10636 | D:7      | Found a transporter.
 10639 | D:7      | Got the uncursed cloak of the Thirsty Ultimatums {rF+ rN+}
 10675 | D:7      | Identified the +0 cloak of the Thirsty Ultimatums {rF+ rN+}
                  | (You found it on level 7 of the Dungeon)
 10779 | D:11     | Noticed a purple ugly thing
 10785 | D:11     | Killed a purple ugly thing
 10924 | D:11     | Noticed a cyclops
 10931 | D:11     | Noticed a two-headed ogre
 10951 | D:11     | Killed a cyclops
 10965 | D:11     | Reached skill level 10 in Fighting
 10968 | D:11     | Killed a two-headed ogre
 10968 | D:11     | Reached XP level 12. HP: 13/77 MP: 12/12
 11482 | D:11     | Reached skill level 10 in Armour
 11555 | D:11     | Found a staircase to the Orcish Mines.
 11603 | D:11     | Noticed a seven-headed hydra
 11610 | D:11     | Killed a seven-headed hydra
 12104 | D:12     | Noticed a two-headed ogre
 12116 | D:12     | Killed a two-headed ogre
 12789 | D:12     | Noticed a two-headed ogre
 12796 | D:12     | Killed a two-headed ogre
 12950 | D:12     | Reached *** piety under Ashenzari
 13389 | D:13     | Noticed a death knight
 13391 | D:13     | Found Koenamae's Armour Emporium.
 13395 | D:13     | Killed a death knight
 13417 | D:13     | Noticed a centaur warrior
 13426 | D:13     | Killed a centaur warrior
 13489 | D:13     | Noticed a vault guard
 13492 | D:13     | Noticed a vault guard
 13498 | D:13     | Killed a vault guard
 13498 | D:13     | Reached XP level 13. HP: 67/84 MP: 13/13
 13508 | D:13     | Killed a vault guard
 13516 | D:13     | Noticed a vault guard
 13526 | D:13     | Killed a vault guard
 13839 | D:13     | Found a blossoming altar of Fedhas.
 13889 | D:13     | Noticed a vault guard
 13896 | D:13     | Killed a vault guard
 13953 | D:13     | Noticed a vault guard
 13964 | D:13     | Killed a vault guard
 14077 | D:13     | Noticed a vault guard
 14089 | D:13     | Killed a vault guard
 14155 | D:13     | Found a gate to the Vaults.
 14273 | D:13     | Noticed a vault guard
 14281 | D:13     | Killed a vault guard
 14394 | D:13     | Noticed a vault guard
 14409 | D:13     | Killed a vault guard
 14545 | D:13     | Reached **** piety under Ashenzari
 14822 | D:14     | Noticed Josephine
 14835 | D:14     | Killed Josephine
 14835 | D:14     | Reached skill level 10 in Dodging
 15080 | D:14     | Gained mutation: Your large and strong wings let you fly
                  | indefinitely. [Gargoyle growth]
 15080 | D:14     | Reached XP level 14. HP: 63/92 MP: 14/14
 15203 | D:14     | Noticed Frances
 15292 | D:14     | Killed Frances
 15889 | D:14     | Noticed Nessos
 15902 | D:14     | Killed Nessos
 16169 | D:15     | Entered Level 15 of the Dungeon
 17117 | D:15     | Found an opulent altar of Gozag.
 17223 | D:15     | Found an iron altar of Okawaru.
 17890 | D:15     | Noticed a dire elephant
 17898 | D:15     | Killed a dire elephant
 18079 | D:15     | Found a staircase to the Depths.
 18662 | Lair:1   | Entered Level 1 of the Lair of Beasts
 18718 | Lair:1   | Reached XP level 15. HP: 63/100 MP: 15/15
 19681 | Lair:2   | Found a staircase to the Swamp.
 19699 | Lair:2   | Reached ***** piety under Ashenzari
 19826 | Lair:2   | Found a hole to the Spider Nest.
 19828 | Lair:2   | Noticed Gastronok
 19848 | Lair:2   | Killed Gastronok
 20822 | Lair:3   | Found a transporter.
 21233 | Lair:3   | Found a transporter.
 21235 | Lair:3   | Identified the cursed ring of Hotyfiuth {+Inv rPois MR-
                  | EV-4}
 22227 | Lair:4   | Reached ****** piety under Ashenzari
 23471 | Lair:6   | Entered Level 6 of the Lair of Beasts
 23479 | Lair:6   | Found a staircase to the Slime Pits.
 23758 | Lair:6   | Reached XP level 16. HP: 47/107 MP: 16/16
 24174 | Lair:6   | Reached skill level 15 in Maces & Flails
 24421 | Lair:6   | Identified the +4 falchion "Mapumul" {drain, rPois rC+}
 24710 | Lair:6   | Reached skill level 15 in Fighting
 24759 | Lair:6   | Identified the ring "Nathri" {rElec rPois rC+ Int-3 Dex-2
                  | Slay+3}
 24767 | Lair:6   | Got the cursed chain mail "Kumi" {rPois rC+ Int-5}
 25425 | Orc:1    | Entered Level 1 of the Orcish Mines
 25681 | Orc:2    | Entered Level 2 of the Orcish Mines
 25733 | Orc:2    | Found a staircase to the Elven Halls.
 25795 | Orc:2    | Found Juonyfe's Jewellery Shop.
 25822 | Orc:2    | Paralysed by an orc sorcerer for 6 turns
 26217 | Orc:2    | Reached skill level 15 in Armour
 26903 | Orc:2    | Learned a level 2 spell: Blink
 27130 | Orc:2    | Found Lid Leun's General Store.
 27131 | Orc:2    | Found Voghazaf's Book Emporium.
 27132 | Orc:2    | Found Woschusapt's Antique Armour Emporium.
 27132 | Orc:2    | Found Fous's Antique Weapon Shoppe.
 27289 | Orc:1    | Slain by an ettin

Illustrated notes

Levels and vault maps discovered:
D:1:      heliophobic_arrival_henge, layout_basic, serial_forest,
          infiniplex_forest_lined_1, infiniplex_forest_straight_4,
          infiniplex_forest_zigzag_1, infiniplex_forest_lined_4_way,
          infiniplex_forest_clump_long, infiniplex_forest_straight_4
D:2:      layout_basic, old_standard_altar, uniq_terence
D:3:      corexii_shack_village, layout_loops_ring
D:4:      layout_loops_ring, ashenzari_conservatory_becter,
          nicolae_ossuary_entry_plus, uniq_blork_the_orc
D:5:      layout_rooms, minmay_temple_entry_mini_moons
D:6:      layout_basic, uniq_edmund
D:7:      kennysheep_big_flooded_room, layout_loops_ring,
          gammafunk_ghost_berserking_beasts, uniq_menkaure, uniq_maggie
D:8:      layout_cave_pools, lemuel_crystal_altar,
          nemelex_xobeh_ov_fountains_minmay, lair_entry_dummy, serial_shops,
          nicolae_shop_waterfront, moated_statue, minmay_fractal_squares_5
D:9:      layout_basic, overflow_temple_1_default, doesnt_xom_only_xom,
          hangedman_misty_isle
D:10:     layout_basic
D:11:     layout_loops_ring, orc_0_dummy, worms_lemuel
D:12:     layout_gridville
D:13:     layout_long_grid, erik_vaults_2, serial_shops, shop, nrook_campfire,
          fedhas_altar_1
D:14:     layout_basic, nicolae_benzene_ring, uniq_frances, uniq_nessos,
          uniq_josephine
D:15:     hangedman_depths_entry_try_elsewhere_first, layout_long_grid,
          nicolae_gozag_cash_rules_everything_around_me,
          okawaru_ov_weapons_minmay
Temple:   eino_temple_rhombus
Lair:1:   layout_cave_pods, grunt_forest_large_clearings, serial_bayou_shore_b
Lair:2:   layout_gridlike, swamp_mist_pool, spider_nest_entry_web_field,
          nzn_random_ring, uniq_gastronok
Lair:3:   gammafunk_cloud_chamber, layout_regular_city
Lair:4:   layout_cave_pods
Lair:5:   layout_gridlike, lemuel_another_geyser, serial_bayou_shore_a
Lair:6:   hangedman_lair_in_review, layout_cave_pods, slime_dummy,
          infiniplex_staircase_pool
Orc:1:    gammafunk_beogh_shrine, layout_diamond_mine, gammafunk_ghost_grave
Orc:2:    st_orc_congregation, layout_diamond_mine, serial_shops, shop

Skill      XL: |  1  2  3  4  5  6  7  8  9 10 11 12 13 14 15 16 |
---------------+-------------------------------------------------+-----
Armour         | 1 2 3 4 5 6 8 9 11 12 13 14 15 | 15.2
Fighting       | 3 4 5 6 7 8 10 11 12 13 14 15 | 15.3
Dodging        | 3 4 5 6 8 9 10 11 12 | 12.4
Maces & Flails | 4 5 7 8 10 11 12 13 14 15 | 15.4
Throwing       | |  1.7

Action                   |  1- 3 |  4- 6 |  7- 9 | 10-12 | 13-15 | 16-18 || total
-------------------------+-------+-------+-------+-------+-------+-------++-------
Melee: Flail             |   133 |   263 |   342 |       |       |       ||   738
       Dire flail        |       |       |    94 |    38 |       |       ||   132
       Great mace        |       |       |       |   489 |   892 |   374 ||  1755
Throw: Throwing net      |     2 |     2 |     2 |     1 |       |     2 ||     9
Invok: Curse Item        |       |       |     1 |     1 |       |       ||     2
 Abil: Fly               |       |       |       |       |     1 |       ||     1
Evoke: Wand              |       |       |       |     1 |       |       ||     1
  Use: Scroll            |       |     6 |     6 |     8 |     9 |     4 ||    33
       Potion            |       |     2 |     2 |     2 |       |     6 ||    12
 Stab: Held in net/web   |     2 |       |     1 |       |       |     2 ||     5
       Invisible         |       |       |       |     8 |       |       ||     8
       Paralysed         |       |       |       |     3 |       |       ||     3
       Sleeping          |       |       |       |     3 |       |       ||     3
       Distracted        |       |       |       |       |       |     1 ||     1
       Petrifying        |       |       |       |       |       |     1 ||     1
       Petrified         |       |       |       |       |       |     1 ||     1
Armor: Leather armour    |   100 |       |       |       |       |       ||   100
       Scale mail        |       |   229 |   234 |    10 |   436 |   101 ||  1010
       Steam dragon scal |       |       |    28 |   236 |       |       ||   264
Dodge: Dodged            |   173 |   226 |   325 |   583 |  1028 |   271 ||  2606

Table legend: (Time is in decaauts)
 A = Elapsed time spent in this place.
 B = Non-inter-level travel time spent in this place.
 C = Inter-level travel time spent in this place.
 D = Time resting spent in this place.
 E = Time spent auto-exploring this place.
 F = Levels seen in this place.
 G = Mean time per level.
                   A        B        C        D        E       F      G
               +--------+--------+--------+--------+--------+-----+--------+
         Total |  27269 |  25575 |   1694 |   5917 |  14579 |  25 | 1090.8 |
       Dungeon |  18085 |  16832 |   1253 |   4465 |   8945 |  15 | 1205.7 |
        Temple |    163 |    152 |     11 |      0 |    152 |   1 |  163.0 |
          Lair |   6538 |   6149 |    389 |    397 |   4741 |   6 | 1089.7 |
  Orcish Mines |   1797 |   1757 |     40 |    623 |    638 |   2 |  898.5 |
       Ossuary |    685 |    685 |      0 |    432 |    103 |   1 |  685.0 |
               +--------+--------+--------+--------+--------+-----+--------+

Top non-repeatable levels by time:
    D:14: 1910 daAuts
    D:13: 1821 daAuts
  Lair:6: 1692 daAuts
     D:3: 1411 daAuts
    D:11: 1392 daAuts
    D:15: 1361 daAuts
    D:12: 1328 daAuts
   Orc:2: 1237 daAuts
     D:4: 1233 daAuts
     D:7: 1220 daAuts
  Lair:2: 1150 daAuts
    D:10: 1106 daAuts
  Lair:1: 1093 daAuts
     D:6: 1038 daAuts
     D:9: 1032 daAuts
